 Dungeon Crawl Stone Soup version 0.29-a0-837-g174bc33 (webtiles) character file.

Game seed: 8674327297677989530

130741 GeorgeSoros the Devastator (level 16, -10/109 HPs)
             Began as a Demonspawn Ice Elementalist on July 13, 2022.
             Was the Champion of Hepliaklqana.
             Mangled by a pharaoh ant (34 damage)
             ... on level 2 of the Spider Nest.
             The game lasted 02:04:22 (30684 turns).

GeorgeSoros the Devastator (DsIE)                  Turns: 30684, Time: 02:04:22

Health: -10/109    AC: 10    Str:  8 (9)  XL:     16   Next: 53%
Magic:  21/23      EV: 14    Int: 30 (32) God:    Hepliaklqana [******]
Gold:   2352       SH: 11    Dex: 13 (14) Spells: 9/24 levels left

rFire   + . .      SeeInvis +   E - +8 whip "Snakebite" {venom, curare, rPois}
rCold   . . .      Faith    .   S - +2 buckler
rNeg    . . .      Spirit   .   L - +3 leather armour {rF+}
rPois   +          Reflect  .   A - +3 crown of Dyrovepreva {rElec Int+2 SInv}
rElec   +          Harm     .   l - +0 cloak
rCorr   .          Rampage  .   (no gloves)
Will    +....                   (boots unavailable)
Stlth   ++........              W - amulet of regeneration
HPRegen 1.08/turn               G - +6 ring of intelligence
MPRegen 0.18/turn               u - ring of wizardry

@: corroded, on blink cooldown
A: reduced essence, hooves 3, repulsion field 2, icemail 1, powered by death 3,
condensation shield
a: Renounce Religion, Recall Ancestor, Ancestor Identity, Transference, Idealise


You were on level 2 of the Spider Nest.
You worshipped Hepliaklqana.
Hepliaklqana was exalted by your worship.
You visited 5 branches of the dungeon, and saw 24 of its levels.
You also visited: Volcano.

You collected 3020 gold pieces.
You spent 668 gold pieces at shops.

Inventory:

Hand Weapons
 v - a +4 spear
 E - the +8 whip "Snakebite" (weapon) {venom, curare, rPois}
   (You found it on level 1 of the Lair of Beasts)

   It poisons the flesh of those it strikes.
   It occasionally inflicts asphyxiating poison on those it strikes, dealing
   poison damage and causing slowness.
   rPois:     It protects you from poison.
Missiles
 n - 4 throwing nets
Armour
 l - a +0 cloak (worn)
 t - a +1 leather armour of willpower
 A - the +3 crown of Dyrovepreva (worn) {rElec Int+2 SInv}
   (You bought it in a shop on level 4 of the Dungeon)

   Int:       It affects your intelligence (+2).
   rElec:     It insulates you from electricity.
   SInv:      It lets you see invisible.
 L - a +3 leather armour of fire resistance (worn)
 S - a +2 buckler (worn)
Jewellery
 e - a ring of protection from cold
 m - a ring of positive energy
 s - a ring of flight
 u - a ring of wizardry (right hand)
 G - a +6 ring of intelligence (left hand)
 J - the ring "Iqausin" {rC+++ Will- MP+9 Str+2 Slay+2}
   (You found it on level 5 of the Lair of Beasts)

   [ring of magical power]

   Str:       It affects your strength (+2).
   Slay:      It affects your accuracy & damage with ranged weapons and melee
   (+2).
   rC:        It renders you almost immune to cold.
   MP:        It affects your magic capacity (+9).
   Will:      It decreases your willpower.
 Q - a +6 ring of dexterity
 R - a +6 ring of strength
 W - an amulet of regeneration (around neck)
Wands
 k - a wand of charming (33)
 p - a wand of mindburst (18)
 C - a wand of polymorph (9)
 F - a wand of light (16)
 I - a wand of iceblast (15)
 V - a wand of flame (5)
Scrolls
 c - 2 scrolls of enchant weapon
 h - a scroll of enchant armour
 o - 8 scrolls of teleportation
 q - 3 scrolls of amnesia
 r - 2 scrolls of magic mapping
 w - 3 scrolls of immolation
 z - 2 scrolls of poison
 D - 2 scrolls of blinking
 T - a scroll of brand weapon
 U - a scroll of fog
Potions
 b - 2 potions of magic
 d - 5 potions of might
 f - 3 potions of berserk rage
 g - 6 potions of resistance
 i - 9 potions of brilliance
 j - 10 potions of curing
 x - 2 potions of haste
 B - a potion of heal wounds
 H - 3 potions of cancellation
 K - 3 potions of invisibility
 N - 5 potions of flight
 O - a potion of mutation
 P - a potion of attraction {unknown}
Miscellaneous
 a - a condenser vane


   Skills:
 - Level 10.0 Fighting
 - Level 8.2 Maces & Flails
 - Level 5.0 Armour
 - Level 1.7 Dodging
 - Level 1.7 Stealth
 - Level 4.0 Shields
 - Level 4.7 Spellcasting
 + Level 16.1 Conjurations
 - Level 11.6 Fire Magic
 - Level 11.0 Ice Magic
 + Level 9.8 Invocations


You had 9 spell levels left.
You knew the following spells:

 Your Spells              Type           Power      Damage    Failure   Level
a - Freeze                Ice            100%       1d11      1%          1
b - Frozen Ramparts       Ice            100%       1d12      1%          3
c - Ozocubu's Armour      Ice            65%        N/A       1%          3
d - Starburst             Conj/Fire      37%        6d11      2%          6
e - Blink                 Tloc           14%        N/A       6%          2

Your spell library contained the following spells:

 Spells                   Type           Power      Damage    Failure   Level
 Static Discharge         Conj/Air       53%        3-10/arc  1%          2
 Conjure Flame            Conj/Fire      74%        6-21      1%          3
 Dazzling Flash           Conj/Hex       100%       N/A       1%          3
 Hailstorm                Conj/Ice       73%        3d15      1%          4
 Iskenderun's Mystic Bla  Conj/Tloc      53%        2d11      1%          4
 Sticky Flame             Conj/Fire      74%        2d9       1%          4
 Ignite Poison            Fire/Tmut/Pois 30%        N/A       2%          3
 Necrotise                Necr           28%        1d5       4%          1
 Metabolic Englaciation   Hex/Ice        20%        N/A       12%         5
 Lesser Beckoning         Tloc           7%         N/A       13%         3
 Vampiric Draining        Necr           7%         2d6       13%         3
 Dispel Undead            Necr           7%         3d8       38%         4
 Simulacrum               Ice/Necr       20%        N/A       52%         6
 Agony                    Necr           7%         N/A       71%         5
 Manifold Assault         Tloc           7%         N/A       71%         5
 Summon Forest            Summ/Tloc      3%         N/A       71%         5
 Eringya's Noxious Bog    Tmut/Pois      3%         N/A       99%         6
 Summon Hydra             Summ           3%         N/A       100%        7


Dungeon Overview and Level Annotations

Branches:
Dungeon (13/15)            Temple (1/1) D:7            Lair (6/6) D:9
  Swamp (0/4) Lair:3       Spider (2/4) Lair:3        Slime (0/5) Lair:5
    Orc (2/2) D:12            Elf (0/3) Orc:2       Volcano (visited)
 Vaults: D:13-14

Altars:
Ashenzari
Cheibriados
Dithmenos
Fedhas
Gozag
Hepliaklqana
Kikubaaqudgha
Makhleb
Nemelex Xobeh
Okawaru
Qazlal
Ru
Sif Muna
Trog
Uskayaw
Vehumet
Wu Jian
Xom
Yredelemnul
Jiyva

Shops:
D:4 *   Orc:2 =!?[

Portals:
Hell: Lair:6

Annotations:
D:5 3 runed translucent doors, Dega's ghost, amateur SpHu
Lair:5 exclusion: 2 oklob plants


Innate Abilities, Weirdness & Mutations

Your life essence is reduced to manifest your ancestor. (-10% HP)
You have hooves in place of feet.
You are surrounded by a moderate repulsion field. (EV +3)
A meltable icy envelope protects you from harm. (AC +4)
You regenerate a lot of health from kills.
A meltable shield of frost defends you. (SH +4)


Message History

You block the wolf spider's attack.
The wolf spider bites you but does no damage.
Hrodulf hits the wolf spider with a +0 dagger of draining!
Hrodulf drains the wolf spider.
You climb upwards.
There is a stone staircase leading down here.
You start resting.
Magic restored.
You climb downwards.
You block the redback's attack. You block the wolf spider's attack.
The wolf spider bites you. The tarantella touches you!
The pharaoh ant bites you!! The redback bites you!
You block the entropy weaver's attack. The entropy weaver hits you.
The entropy weaver hits you! The entropy weaver hits you.
The redback closely misses you. The wolf spider closely misses you. x2
You block the tarantella's attack. The pharaoh ant bites you!!
The redback bites you.
* * * LOW HITPOINT WARNING * * *
There is a stone staircase leading up, spattered with blood here.
Casting: Ozocubu's Armour (safe; 1% risk of failure)
Confirm with . or Enter, or press ? or * to list all spells.
You blink.
Hrodulf casts a spell at the redback.
The redback appears confused.
The redback bites Hrodulf!!
The entropy weaver points at you and mumbles some strange words.
The entropic weave corrodes you!
The pharaoh ant bites you but does no damage.
The redback bites Hrodulf.
As you read the scroll of fear, it crumbles to dust.
You assume a fearsome visage.
The pharaoh ant is unaffected.
The wolf spider looks frightened!
The entropy weaver looks frightened!
The redback looks frightened! x2; The tarantella looks frightened!
The pharaoh ant bites you!!
* * * LOW HITPOINT WARNING * * *
Hrodulf casts a spell at the redback.
Hrodulf's attack snaps the redback out of its fear.
The redback appears confused.
The entropy weaver hits Hrodulf!
The entropy weaver hits Hrodulf.
The entropy weaver hits Hrodulf! x2
Hrodulf is destroyed!
You feel much better. The pharaoh ant bites you!!
You die...

##...........# ...#
###..††....##.#.#..# .
#.......###....#..### ...
#.....#.#$#....#.s..#....
#....#...................
##...#.#.........<.....#
##..###....##.ssB.......
##
#......<.##..B.s.##....
#.. #....†...#..@.#...
..#
....##......###.......# #
....†...#.##.....##s.?..
#...##<..##.....##......
##. #######.... ..^...# #
##.#. .. ###. . #.


You could see an entropy weaver (fleeing), a demonic crawler, a wolf spider
(fleeing), a pharaoh ant, a tarantella (fleeing) and 2 redbacks.

Vanquished Creatures
  An orc warlord (Orc:1)
  A stone giant (Volcano)
  A broodmother (Spider:2)
  A dire elephant (Lair:6)
  A hell beast (Lair:6)
  8 hydras
  A centaur warrior (Orc:2)
  A radroach (Spider:1)
  6 two-headed ogres
  A death knight (D:13)
  7 death yaks
  2 orc high priests (Orc:2)
  A pharaoh ant (Spider:1)
  A skeletal warrior (D:13)
  2 orb spiders (Spider:1)
  An orc knight (Orc:1)
  An ugly thing (D:12)
  5 orc sorcerers
  4 wolf spiders
  A deep elf pyromancer (D:12)
  A cyclops (D:13)
  4 elephants (Lair:5)
  5 black mambas
  An orange demon (Lair:6)
  4 molten gargoyles (D:13)
  A torpor snail (Spider:1)
  3 gargoyles (Volcano)
  Maurice (D:8)
  6 cane toads
  16 komodo dragons
  2 unseen horrors
  2 freezing wraiths (D:13)
  An efreet (Volcano)
  A kobold demonologist (D:12)
  4 demonic crawlers (Spider:1)
  2 rime drakes (Lair:6)
  An ice devil (Lair:6)
  2 polar bears
  7 trolls
  Prince Ribbit (Lair:2)
  5 dream sheep (Lair:4)
  10 tarantellas
  4 slime creatures (D:12)
  A blink frog (Lair:2)
  6 jumping spiders
  Sigmund (D:6)
  2 shadows
  4 culicivoras (Spider:1)
  A wraith (D:9)
  Eustachio (D:4)
  2 fire elementals (Volcano)
  55 yaks
  13 redbacks
  4 vampire mosquitoes (D:12)
  A basilisk (Lair:3)
  Menkaure (D:7)
  Edmund (D:6)
  A warg (Orc:2)
  An acid dragon (D:9)
  Duvessa (D:6)
  17 water moccasins
  4 hell hounds (Lair:6)
  3 ice beasts
  41 orc warriors
  6 ogres
  22 wolves
  10 centaurs
  2 phantoms
  10 bullfrogs
  2 scorpions
  2 gnoll sergeants (D:11)
  A necrophage (D:6)
  4 wights (D:7)
  3 hexers
  Dowan (D:6)
  21 killer bees
  2 howler monkeys (D:12)
  A lava snake (D:13)
  5 jellies
  18 orc priests
  A hound (D:6)
  2 iguanas
  22 orc wizards
  Robin (D:3)
  13 gnolls
  8 adders
  A shadow imp (D:7)
  3 white imps
  A worm (D:2)
  5 dart slugs
  66 orcs
  6 bats
  3 endoplasms (D:1)
  2 giant cockroaches
  13 goblins
  8 hobgoblins
  11 jackals
  5 ball pythons
  5 frilled lizards
  13 kobolds
  5 rats
596 creatures vanquished.

Vanquished Creatures (collateral kills)
  A ghost moth (Spider:2)
  A radroach (Spider:1)
  2 death yaks
  Nergalle (Lair:2)
  An orb spider (Lair:3)
  An orc knight (Orc:2)
  A wizard (Lair:6)
  An orc sorcerer (Orc:2)
  3 elephants (Lair:6)
  2 orange demons (Lair:6)
  A gargoyle (D:12)
  A black mamba (Lair:5)
  10 cane toads
  A demonic crawler (Spider:2)
  A rime drake (Lair:6)
  2 komodo dragons
  A red devil (Lair:6)
  A hellwing (Lair:6)
  A polar bear (Lair:5)
  2 trolls (Orc:1)
  2 blink frogs (Lair:2)
  3 slime creatures (D:12)
  A tarantella (Spider:1)
  2 jumping spiders
  A culicivora (Spider:1)
  17 yaks
  A wyvern (Lair:1)
  2 basilisks
  A fire elemental (Volcano)
  3 redbacks
  A steam dragon (D:10)
  A warg (Orc:1)
  7 water moccasins
  A hell hound (Lair:6)
  6 orc warriors
  A black bear (Lair:3)
  6 wolves
  A kobold brigand (D:9)
  3 bullfrogs
  A gnoll sergeant (D:11)
  3 killer bees
  8 orc wizards
  5 gnolls (D:11)
  An adder (Lair:1)
  14 orcs
  2 kobolds (D:9)
  A plant (Lair:3)
130 creatures vanquished.

Vanquished Creatures (others)
  2 ancestors
  23 hexers
  An orc wizard (Orc:2)
  40 fungi
  45 plants
111 creatures vanquished.

Grand Total: 837 creatures vanquished

Notes
Turn   | Place    | Note
-------+----------+-------------------------------------------
     0 | D:1      | GeorgeSoros the Demonspawn Ice Elementalist began the quest
                  | for the Orb.
     0 | D:1      | Reached XP level 1. HP: 13/13 MP: 3/3
   446 | D:1      | Gained mutation: A meltable shield of frost defends you.
                  | (SH +4) [demonic ancestry]
   446 | D:1      | Reached XP level 2. HP: 19/19 MP: 5/5
  1145 | D:1      | Gained mutation: You have large cloven feet. [demonic
                  | ancestry]
  1145 | D:1      | Reached XP level 3. HP: 24/24 MP: 4/6
  1149 | D:1      | Learned a level 3 spell: Frozen Ramparts
  1767 | D:2      | Reached skill level 5 in Ice Magic
  2003 | D:2      | Reached XP level 4. HP: 29/30 MP: 4/7
  2007 | D:2      | Learned a level 3 spell: Ozocubu's Armour
  2994 | D:3      | Gained mutation: You have hoof-like feet. [demonic
                  | ancestry]
  2994 | D:3      | Reached XP level 5. HP: 17/35 MP: 1/9
  3241 | D:3      | Noticed Robin
  3251 | D:3      | Killed Robin
  3854 | D:3      | Reached skill level 1 in Fighting
  4231 | D:4      | Reached XP level 6. HP: 36/43 MP: 0/10
  4347 | D:4      | Found Culirio's General Store.
  4666 | D:4      | Found a bloodstained altar of Trog.
  5010 | D:4      | Found an iron altar of Okawaru.
  5075 | D:4      | Noticed Eustachio
  5085 | D:4      | Killed Eustachio
  5086 | D:4      | Reached XP level 7. HP: 44/50 MP: 5/11
  5314 | D:5      | Entered Level 5 of the Dungeon
  5328 | D:5      | Reached skill level 1 in Armour
  6010 | D:5      | Found a runed translucent gate.
  6010 | D:5      | Found a runed translucent gate.
  6010 | D:5      | Found a runed translucent gate.
  6160 | D:5      | Noticed Dega's ghost (amateur SpHu)
  6301 | D:5      | Gained mutation: You regenerate a little health from kills.
                  | [demonic ancestry]
  6301 | D:5      | Reached XP level 8. HP: 49/56 MP: 8/12
  6349 | D:5      | Identified the +10 falchion "Demonspawn's Regret" {protect,
                  | Str+3 SInv}
  6440 | D:5      | Found a shimmering blue altar of Sif Muna.
  7004 | D:6      | Noticed Edmund
  7016 | D:6      | Killed Edmund
  7067 | D:6      | Noticed Sigmund
  7077 | D:6      | Killed Sigmund
  7078 | D:6      | Reached skill level 5 in Armour
  7498 | D:6      | Noticed Dowan
  7499 | D:6      | Noticed Duvessa
  7507 | D:6      | Killed Duvessa
  7517 | D:6      | Killed Dowan
  8315 | D:7      | Learned a level 6 spell: Starburst
  8331 | D:7      | Gained mutation: You have hooves in place of feet. [demonic
                  | ancestry]
  8331 | D:7      | Reached XP level 9. HP: 37/61 MP: 6/13
  8662 | D:7      | Reached skill level 1 in Conjurations
  8662 | D:7      | Reached skill level 1 in Fire Magic
  9115 | D:7      | Noticed Menkaure
  9131 | D:7      | Killed Menkaure
  9132 | D:7      | Reached skill level 2 in Conjurations
  9509 | D:7      | Reached skill level 10 in Ice Magic
  9528 | D:7      | Reached skill level 3 in Conjurations
  9598 | D:7      | Identified a scroll of acquirement
  9598 | D:7      | Acquired 765 gold pieces
  9609 | D:7      | Found a staircase to the Ecumenical Temple.
  9616 | Temple   | Entered the Ecumenical Temple
  9777 | Temple   | Became a worshipper of Hepliaklqana the Forgotten
 10437 | D:8      | Noticed a two-headed ogre
 10448 | D:8      | Killed a two-headed ogre
 10449 | D:8      | Reached skill level 4 in Conjurations
 10501 | D:4      | Bought the +3 crown of Dyrovepreva {rElec Int+2 SInv} for
                  | 414 gold pieces
 10501 | D:4      | Found the +3 crown of Dyrovepreva {rElec Int+2 SInv}
 10501 | D:4      | Bought a potion of heal wounds for 50 gold pieces
 10737 | D:8      | Reached * piety under Hepliaklqana
 10780 | D:8      | Noticed Maurice
 10795 | D:8      | Killed Maurice
 10878 | D:8      | Reached XP level 10. HP: 60/60 MP: 7/14
 11024 | D:8      | Reached skill level 5 in Conjurations
 11416 | D:9      | Reached skill level 5 in Fire Magic
 11436 | D:9      | Reached skill level 6 in Conjurations
 11491 | D:9      | Noticed a two-headed ogre
 11501 | D:9      | Killed a two-headed ogre
 11693 | D:9      | Found a broken altar of Ashenzari.
 11699 | D:9      | Found a staircase to the Lair.
 11881 | D:9      | Found an ornate altar of the Wu Jian Council.
 12005 | D:9      | Reached ** piety under Hepliaklqana
 12006 | D:9      | Remembered your ancestor Hrodulf as a hexer
 12077 | D:9      | Noticed a two-headed ogre
 12085 | D:9      | Killed a two-headed ogre
 12086 | D:9      | Reached skill level 7 in Conjurations
 12090 | D:9      | Gained mutation: You regenerate health from kills. [demonic
                  | ancestry]
 12090 | D:9      | Reached XP level 11. HP: 26/69 MP: 9/15
 12745 | Lair:1   | Entered Level 1 of the Lair of Beasts
 13050 | Lair:1   | Reached skill level 5 in Fighting
 13208 | Lair:1   | Found the +8 whip "Snakebite" {venom, curare, rPois}
 13344 | Lair:1   | Reached skill level 8 in Conjurations
 13545 | Lair:1   | Reached skill level 1 in Maces & Flails
 13744 | Lair:1   | Noticed a death yak
 13744 | Lair:1   | Noticed a death yak
 13794 | Lair:1   | Killed a death yak
 14108 | Lair:1   | Noticed a death yak
 14110 | Lair:1   | Noticed a death yak
 14115 | Lair:1   | Noticed a death yak
 14118 | Lair:1   | Killed a death yak
 14119 | Lair:1   | Reached skill level 9 in Conjurations
 14124 | Lair:1   | Killed a death yak
 14127 | Lair:1   | Killed a death yak
 14135 | Lair:1   | Killed a death yak
 14136 | Lair:1   | Gained mutation: You regenerate a lot of health from kills.
                  | [demonic ancestry]
 14136 | Lair:1   | Reached XP level 12. HP: 77/77 MP: 9/16
 14459 | Lair:2   | Noticed Nergalle
 14465 | Lair:2   | Killed Nergalle
 14584 | Lair:2   | Reached skill level 10 in Conjurations
 14597 | Lair:2   | Reached skill level 5 in Maces & Flails
 14691 | Lair:2   | Reached *** piety under Hepliaklqana
 14738 | Lair:2   | Noticed Prince Ribbit
 14746 | Lair:2   | Killed Prince Ribbit
 15769 | Lair:3   | Reached skill level 10 in Fire Magic
 15939 | Lair:3   | Found a hole to the Spider Nest.
 15950 | Lair:3   | Reached skill level 11 in Conjurations
 16272 | Lair:3   | Found a staircase to the Swamp.
 16331 | Lair:3   | Noticed a four-headed hydra
 16341 | Lair:3   | Killed a four-headed hydra
 17061 | Lair:4   | Found a dark tunnel.
 17067 | Volcano  | Entered a volcano
 17068 | Volcano  | Reached **** piety under Hepliaklqana
 17418 | Volcano  | Noticed a stone giant
 17441 | Volcano  | Killed a stone giant
 17442 | Volcano  | Gained mutation: You are surrounded by a mild repulsion
                  | field. (EV +2) [demonic ancestry]
 17442 | Volcano  | Reached XP level 13. HP: 67/81 MP: 10/17
 17728 | Lair:4   | Reached skill level 12 in Conjurations
 17845 | Lair:4   | You fall into a shaft and drop 2 floors!
 17845 | Lair:6   | Entered Level 6 of the Lair of Beasts
 18074 | Lair:5   | Identified the ring "Iqausin" {rC+++ Will- MP+9 Str+2
                  | Slay+2}
 19573 | Lair:5   | Reached ***** piety under Hepliaklqana
 19574 | Lair:5   | Found a viscous altar of Jiyva.
 19574 | Lair:5   | Found a staircase to the Slime Pits.
 19686 | Lair:5   | Reached skill level 13 in Conjurations
 20225 | Lair:6   | Noticed a dire elephant
 20234 | Lair:6   | Killed a dire elephant
 20540 | Lair:6   | Found a burning altar of Makhleb.
 21199 | Lair:6   | Reached XP level 14. HP: 90/90 MP: 11/18
 22115 | Lair:6   | Reached skill level 14 in Conjurations
 22290 | Lair:6   | Found a gateway to Hell.
 22939 | D:10     | Entered Level 10 of the Dungeon
 23364 | D:10     | Reached skill level 1 in Shields
 23962 | D:11     | You fall into a shaft and drop 2 floors!
 25609 | D:12     | Learned a level 2 spell: Blink
 25852 | D:12     | Reached ****** piety under Hepliaklqana
 26354 | D:12     | Found a staircase to the Orcish Mines.
 26480 | Orc:1    | Entered Level 1 of the Orcish Mines
 26802 | Orc:1    | Noticed an orc warlord
 27023 | Orc:1    | Found a burning altar of Makhleb.
 27099 | Orc:2    | Entered Level 2 of the Orcish Mines
 27310 | Orc:2    | Reached skill level 15 in Conjurations
 27645 | Orc:2    | Gained mutation: You are surrounded by a moderate repulsion
                  | field. (EV +3) [demonic ancestry]
 27645 | Orc:2    | Reached XP level 15. HP: 62/103 MP: 13/19
 27649 | Orc:2    | Reached skill level 1 in Invocations
 28173 | Orc:2    | Reached skill level 10 in Fighting
 28479 | Orc:2    | Found Kagos's Magic Scroll Shop.
 28479 | Orc:2    | Found Jyosk's Distillery.
 28481 | Orc:2    | Found Jureg's Jewellery Shoppe.
 28483 | Orc:2    | Found Fozin's Armour Boutique.
 28542 | Orc:2    | Found a staircase to the Elven Halls.
 28693 | Orc:1    | Killed an orc warlord
 28926 | Orc:2    | Bought a scroll of fear for 48 gold pieces
 28926 | Orc:2    | Bought a scroll of teleportation for 36 gold pieces
 28926 | Orc:2    | Bought a scroll of identify for 24 gold pieces
 28926 | Orc:2    | Bought a scroll of teleportation for 36 gold pieces
 28926 | Orc:2    | Bought a scroll of identify for 24 gold pieces
 28926 | Orc:2    | Bought a scroll of teleportation for 36 gold pieces
 28929 | Orc:2    | Gained mutation: A meltable icy envelope protects you from
                  | harm. (AC +4) [demonic ancestry]
 28929 | Orc:2    | Reached XP level 16. HP: 109/109 MP: 19/23
 29120 | Spider:1 | Entered Level 1 of the Spider Nest
 30475 | Spider:2 | Reached skill level 16 in Conjurations
 30683 | Spider:2 | HP: 5/109 [pharaoh ant (24)]
 30684 | Spider:2 | Mangled by a pharaoh ant

Illustrated notes

Levels and vault maps discovered:
D:1:      tarquinn_simple_flora_water_d, layout_basic
D:2:      layout_loops_corners, serial_glass, glass_columns_a, glass_columns_b,
          glass_columns_c, glass_columns_a
D:3:      layout_basic, uniq_robin
D:4:      layout_gridville, nicolae_overflow_hidden_temple,
          mainiacjoe_overflow_boulevard, serial_shops, shop, uniq_eustachio
D:5:      layout_basic, lemuel_blue_sif_altar, gammafunk_ghost_nasty_kobolds
D:6:      layout_layer_cave, sigmund_edmund_badplayer, uniq_duvessa
D:7:      layout_basic, minmay_temple_entry_wispy, uniq_menkaure
D:8:      layout_rooms, uniq_maurice
D:9:      layout_basic, nicolae_ashenzari_skybound, zin_treasury,
          mainiacjoe_overflow_brackets, lair_entry_dummy, serial_park_tiny_pond
D:10:     layout_loops_ring
D:11:     layout_roguey
D:12:     layout_cave_pools, david_orc_4, st_stairs_12
D:13:     layout_loops_corners, minivault_8, uniq_snorg, uniq_azrael,
          uniq_josephine
Temple:   nicolae_temple_elliptical
Lair:1:   minmay_guarded_unrand_snakebite, layout_cave_pods,
          infiniplex_staircase_pool_2
Lair:2:   layout_cave_pods, serial_forest, infiniplex_forest_corner_1,
          infiniplex_forest_clump_small, infiniplex_forest_lined_2,
          infiniplex_forest_lined_3, infiniplex_forest_end_2,
          infiniplex_forest_lined_room_, infiniplex_forest_clump_tiny,
          grunt_forest_stairs_basic, grunt_forest_small_clearings,
          serial_bayou_shore_b, uniq_nergalle, uniq_prince_ribbit2
Lair:3:   layout_cave_pods, swamp_mist, nicolae_spider_entry_orb_guardian
Lair:4:   layout_regular_city, nicolae_volcano_entry_hallway
Lair:5:   layout_hall_layers, slime_entry_1, minivault_19, st_stairs_7,
          dpeg_oklob_1, grunt_megastairs_3
Lair:6:   evil_forest, layout_layer_cave
Spider:1: layout_cave_pods
Spider:2: layout_spider_delve
Orc:1:    layout_caves, basic_altar
Orc:2:    st_orc_rangers, layout_caves, basic_altar

Skill      XL: |  1  2  3  4  5  6  7  8  9 10 11 12 13 14 15 16 |
---------------+-------------------------------------------------+-----
Ice Magic      | 4 5 6 7 8 9 10 11 | 11.0
Spellcasting   | 3 4 |  4.7
Fighting       | 1 2 4 5 6 9 10 | 10.0
Armour         | 3 5 |  5.0
Conjurations   | 4 7 9 11 13 15 16 | 16.1
Fire Magic     | 4 6 8 10 11 | 11.6
Maces & Flails | 4 5 7 8 |  8.2
Shields        | 4 |  4.0
Invocations    | 7 9 |  9.8
Dodging        | |  1.7
Stealth        | |  1.7

Action                   |  1- 3 |  4- 6 |  7- 9 | 10-12 | 13-15 | 16-18 || total
-------------------------+-------+-------+-------+-------+-------+-------++-------
Melee: Dagger            |     9 |    74 |   124 |       |       |       ||   207
       Kick              |     1 |    19 |    29 |    79 |   279 |    76 ||   483
       Punch             |       |     2 |     2 |     5 |     8 |       ||    17
       War axe           |       |       |    52 |    75 |       |       ||   127
       Whip              |       |       |       |   146 |   629 |   170 ||   945
 Cast: Freeze            |    52 |    23 |     7 |       |       |       ||    82
       Ozocubu's Armour  |       |    15 |    35 |    43 |    78 |    14 ||   185
       Frozen Ramparts   |       |    14 |    35 |    52 |    98 |    10 ||   209
       Starburst         |       |       |       |     1 |    24 |     3 ||    28
       Blink             |       |       |       |       |     1 |     1 ||     2
Invok: Ancestor Life: He |       |       |       |     1 |       |       ||     1
       Recall Ancestor   |       |       |       |       |     7 |       ||     7
       Transference      |       |       |       |       |       |     1 ||     1
  Use: Scroll            |     2 |     4 |     7 |    10 |     6 |     2 ||    31
       Potion            |       |       |       |       |     2 |     1 ||     3
 Stab: Sleeping          |     3 |     2 |     1 |     2 |     2 |       ||    10
       Confused          |       |       |       |     4 |    14 |     1 ||    19
       Distracted        |       |       |       |     2 |     5 |     4 ||    11
       Paralysed         |       |       |       |       |     7 |    20 ||    27
Armor: Robe              |    15 |    20 |    31 |       |       |       ||    66
       Leather armour    |       |       |    29 |    57 |   211 |    75 ||   372
Dodge: Dodged            |    30 |    49 |    86 |    92 |   289 |    86 ||   632
Block: Other             |     5 |    12 |    34 |    35 |    44 |       ||   130
       Buckler           |       |       |       |       |   120 |    96 ||   216

Table legend: (Time is in decaauts)
 A = Elapsed time spent in this place.
 B = Non-inter-level travel time spent in this place.
 C = Inter-level travel time spent in this place.
 D = Time resting spent in this place.
 E = Time spent auto-exploring this place.
 F = Levels seen in this place.
 G = Mean time per level.
                   A        B        C        D        E       F      G
               +--------+--------+--------+--------+--------+-----+--------+
         Total |  30571 |  28427 |   2144 |   2846 |  20628 |  25 | 1222.8 |
       Dungeon |  16180 |  14855 |   1325 |   1726 |  10810 |  13 | 1244.6 |
        Temple |    183 |    162 |     21 |      0 |    121 |   1 |  183.0 |
          Lair |   9724 |   9059 |    665 |    543 |   6997 |   6 | 1620.7 |
   Spider Nest |   1521 |   1460 |     61 |     79 |   1025 |   2 |  760.5 |
  Orcish Mines |   2450 |   2380 |     70 |    456 |   1340 |   2 | 1225.0 |
       Volcano |    510 |    510 |      0 |     42 |    335 |   1 |  510.0 |
               +--------+--------+--------+--------+--------+-----+--------+

Top non-repeatable levels by time:
  Lair:6: 2579 daAuts
     D:6: 2195 daAuts
  Lair:1: 1805 daAuts
     D:2: 1556 daAuts
     D:1: 1542 daAuts
     D:7: 1501 daAuts
  Lair:3: 1438 daAuts
Spider:1: 1418 daAuts
     D:9: 1413 daAuts
     D:5: 1350 daAuts
  Lair:5: 1344 daAuts
  Lair:4: 1305 daAuts
  Lair:2: 1252 daAuts
   Orc:1: 1237 daAuts
   Orc:2: 1213 daAuts
